 Dungeon Crawl Stone Soup version 0.24-a0-7-g1bb0902 (webtiles) character file.

Game seed: 3031037306634797541

477 Mgcat the Skirmisher (level 7, 0/66 HPs)
             Began as a Naga Fighter on Jan 30, 2019.
             Succumbed to an orc wizard's poison
             ... on level 4 of the Dungeon.
             The game lasted 00:08:26 (3298 turns).

Mgcat the Skirmisher (Naga Fighter)                 Turns: 3298, Time: 00:08:27

Health: 0/66       AC:  7    Str: 20    XL:     7   Next: 11%
Magic:  7/7        EV:  5    Int:  8    God:
Gold:   206        SH:  9    Dex: 11    Spells: 6/6 levels left

rFire    . . .     SeeInvis +   t - +2 hand axe (chop)
rCold    . . .     Gourm    .   c - +0 shield
rNeg     . . .     Faith    .   b - +0 scale mail
rPois    +         Spirit   .   (no helmet)
rElec    .         Reflect  .   v - scarf {cloud immunity}
rCorr    .         Harm     .   j - +0 pair of gloves
MR       .....                  (no barding)
Stlth    ..........             (no amulet)
HPRegen  0.21/turn              (no ring)
MPRegen  0.10/turn              (no ring)

@: lethally poisoned (0 -> -5), about to teleport, very slow
A: large, see invisible, deformed body, poison resistance, slowness 2, slow
metabolism 1, spit poison 1, AC +2
a: Spit Poison


You were on level 4 of the Dungeon.
You were not hungry.

You visited 1 branch of the dungeon, and saw 4 of its levels.

You collected 206 gold pieces.

Inventory:

Hand Weapons
 a - a +0 war axe
 t - a +2 hand axe of chopping (weapon)
   (You found it on level 2 of the Dungeon)
Armour
 b - a +0 scale mail (worn)
 c - a +0 shield (worn)
 j - a +0 pair of gloves (worn)
   (You found it on level 2 of the Dungeon)
 v - a scarf of cloud immunity (worn)
   (You found it on level 3 of the Dungeon)
Scrolls
 g - a scroll of teleportation
 h - 2 scrolls of remove curse {unknown}
 l - 3 scrolls of enchant weapon {unknown}
 m - 3 scrolls of identify {unknown}
 n - 2 scrolls of amnesia {unknown}
 p - 2 scrolls of fear {unknown}
 q - a scroll of enchant armour {unknown}
 r - a scroll of noise {!r}
 u - a scroll of immolation {!r}
Potions
 e - a potion of heal wounds {unknown}
 i - a potion of degeneration {unknown}
Comestibles
 f - 4 rations


   Skills:
 + Level 4.6 Fighting
 + Level 4.0 Axes
 + Level 3.8 Armour
 + Level 3.8 Shields


You had 6 spell levels left.
You didn't know any spells.
Your spell library was empty.

Dungeon Overview and Level Annotations

Branches:
Dungeon (4/15)
 Temple: D:4-7

Altars:
Okawaru
Trog
Uskayaw
Wu Jian


Innate Abilities, Weirdness & Mutations

You cannot wear boots.
Your serpentine skin is tough. (AC +2)
You have supernaturally acute eyesight. (SInv)
Armour fits poorly on your strangely shaped body.
Your system is resistant to poisons. (rPois)
You cover ground very slowly.
You have a slow metabolism.
You can spit poison.


Message History

The orc wizard looks braver for a moment.
The gnoll hits you from afar with a +0 spear.
* * * LOW HITPOINT WARNING * * *
The gnoll completely misses you. You block the orc wizard's attack.
You take 5 damage, and have 19/66 hp.
Danger x4: orc wizard, gnoll x3!
Unknown command.
Unknown command.
You barely miss the orc wizard.
The orc wizard is moderately wounded.
The orc wizard hits you but does no damage.
You block the gnoll's attack. x2
Danger x4: orc wizard, gnoll x3!
Unknown command.
Unknown command.
You hit the orc wizard but do no damage.
The orc wizard is moderately wounded.
You block the orc wizard's attack.
The gnoll hits you from afar with a +0 spear.
* * * LOW HITPOINT WARNING * * *
You block the orc wizard's attack.
The gnoll hits you from afar with a +0 spear!
* * * LOW HITPOINT WARNING * * *
You take 9 damage, and have 10/66 hp.
Danger x4: orc wizard, gnoll x3!
Unknown command.
Unknown command.
You closely miss the orc wizard.
The orc wizard is moderately wounded.
The orc wizard is no longer moving quickly.
The orc wizard hits you but does no damage.
You are poisoned.
You block the gnoll's attack. x2
The orc wizard hits you but does no damage.
You are more poisoned.
The gnoll hits you but does no damage.
Danger x4: orc wizard, gnoll x3!
It was a potion of curing.
You feel better. The gnoll hits you but does no damage.
The orc wizard hits you but does no damage.
You are poisoned.
The gnoll hits you from afar with a +0 spear.
You regained 9 hp, and now have 20/66 hp.
Danger x4: orc wizard, gnoll x3!
As you read the scroll labeled YSHECZ SUTEQ, it crumbles to dust.
The creatures around you are filled with an inner flame!
It was a scroll of immolation.
You feel sick. The gnoll hits you but does no damage.
The orc wizard hits you but does no damage.
The gnoll hits you but does no damage.
You take 1 damage, and have 19/66 hp.
Lua error: [string "/dgldir/rcfiles/crawl-git/Mgcat.rc"]:934: invalid capture index
As you read the scroll labeled XUJAOD XIRINEAMN, it crumbles to dust.
You hear a loud clanging noise!
It was a scroll of noise.
You feel sick.
You hear a shout!
You hear an angry hiss. x2; You hear a shout!
The gnoll hits you from afar with a +0 spear!
* * * LOW HITPOINT WARNING * * *
An orc wizard comes into view. It is wielding a +0 dagger.
The orc wizard hits you with a +1 dagger of venom.
* * * LOW HITPOINT WARNING * * *
You are lethally poisoned!
The gnoll hits you from afar with a +0 spear.
* * * LOW HITPOINT WARNING * * *
You take 13 damage, and have 6/66 hp.
Lua error: [string "/dgldir/rcfiles/crawl-git/Mgcat.rc"]:934: invalid capture index Unknown command.
Danger x5: orc wizard (inner flame), orc wizard, gnoll (inner flame) x3!
Unknown command.
Lua error: [string "/dgldir/rcfiles/crawl-git/Mgcat.rc"]:934: invalid capture index Unknown command.
Lua error: [string "/dgldir/rcfiles/crawl-git/Mgcat.rc"]:934: invalid capture index Unknown command.
Lua error: [string "/dgldir/rcfiles/crawl-git/Mgcat.rc"]:934: invalid capture index
Okay, then.
Danger x5: orc wizard (inner flame), orc wizard, gnoll (inner flame) x3!
You feel better.
The gnoll hits you from afar with a +0 spear.
* * * LOW HITPOINT WARNING * * *
The orc wizard hits you with a +1 dagger of venom.
* * * LOW HITPOINT WARNING * * *
You block the gnoll's attack.
You take 2 damage, and have 4/66 hp.
Lua error: [string "/dgldir/rcfiles/crawl-git/Mgcat.rc"]:934: invalid capture index
As you read the scroll labeled RAETIU JEGA, it crumbles to dust.
The dust glows shining pink!
It was a scroll of random uselessness.
You block the gnoll's attack.
The orc wizard hits you but does no damage.
You are lethally poisoned!
The gnoll hits you from afar with a +0 spear.
* * * LOW HITPOINT WARNING * * *
You take 3 damage, and have 1/66 hp.
Lua error: [string "/dgldir/rcfiles/crawl-git/Mgcat.rc"]:934: invalid capture index Unknown command.
Danger x5: orc wizard (inner flame), orc wizard, gnoll (inner flame) x3!
Unknown command.
Lua error: [string "/dgldir/rcfiles/crawl-git/Mgcat.rc"]:934: invalid capture index
As you read the scroll labeled NYZXOUTERRO, it crumbles to dust.
You feel strangely unstable.
It was a scroll of teleportation.
You die...

#####. .. # ..... .#.
##.#.. ... #..#.##.##
##.#..#...#
##..#..g.⌠.#
##.g#...#..g.#
#.)##.#.##.g.# #.
#@##....# ...o# #...
#o##.#g## ..... #...#
#g#.g..# .<.g. ...
#...# #g#g#.## ....
...###...# #o#.g.#
..#.
.........###)#.#####
............).)....#
.....................⌠
...................#..


You could see 2 orc wizards and 3 gnolls.

Vanquished Creatures
  A gnoll sergeant (D:4)
  A centaur skeleton (D:4)
  2 hounds
  An orc wizard (D:3)
  8 gnolls
  9 adders
  An ooze (D:2)
  An adder skeleton (D:4)
  4 dart slugs
  7 leopard geckos
  10 orcs
  12 bats
  3 giant cockroaches
  6 goblins
  12 hobgoblins
  4 jackals
  12 kobolds
  2 quokkas
  A ball python (D:4)
  7 frilled lizards
  13 rats
117 creatures vanquished.

Notes
Turn   | Place    | Note
-------+----------+-------------------------------------------
     0 | D:1      | Mgcat the Naga Fighter began the quest for the Orb.
     0 | D:1      | Reached XP level 1. HP: 21/21 MP: 1/1
   119 | D:1      | Reached XP level 2. HP: 18/28 MP: 2/2
   124 | D:1      | HP: 5/28 [dart slug/slug dart (6)]
   596 | D:1      | Reached XP level 3. HP: 29/34 MP: 3/3
  1057 | D:2      | Reached XP level 4. HP: 17/43 MP: 4/4
  1293 | D:2      | Reached skill level 3 in Armour
  1293 | D:2      | Reached skill level 3 in Shields
  1443 | D:2      | Reached skill level 3 in Axes
  1516 | D:2      | Reached XP level 5. HP: 47/50 MP: 5/5
  1857 | D:3      | Found a hide-covered altar of Uskayaw.
  1864 | D:3      | Found an iron altar of Okawaru.
  1864 | D:3      | Found an ornate altar of the Wu Jian Council.
  1923 | D:3      | Reached skill level 4 in Fighting
  2521 | D:3      | Reached XP level 6. HP: 57/57 MP: 6/6
  2584 | D:3      | Found a bloodstained altar of Trog.
  2956 | D:4      | HP: 14/58 [gnoll/+0 spear (4)]
  2957 | D:4      | HP: 5/58 [gnoll/+0 spear (4)]
  3286 | D:4      | Reached skill level 4 in Axes
  3286 | D:4      | Reached XP level 7. HP: 31/66 MP: 7/7
  3291 | D:4      | HP: 10/66 [gnoll/+0 spear (7)]
  3296 | D:4      | HP: 5/66 [gnoll/+0 spear (6)]
  3297 | D:4      | HP: 1/66 [gnoll/+0 spear (4)]
  3298 | D:4      | Succumbed to an orc wizard's poison

Vault maps used:
D:1:      dpeg_arrival_yet_another_circle
D:2:      minmay_mini_jars
D:3:      marbit_many_paths, nicolae_overflow_hidden_temple
D:4:      first_ration, gammafunk_ghost_arena, serial_shops, shop,
          nicolae_shop_statue_plus, grunt_ministairs_13,
          kennysheep_pointless_box

Skill      XL: |  1  2  3  4  5  6 |
---------------+-------------------+-----
Armour         | 3 |  3.8
Shields        | 3 |  3.8
Axes           | 3 4 |  4.0
Fighting       | 4 |  4.6

Action                   |  1- 3 |  4- 6 |  7- 9 || total
-------------------------+-------+-------+-------++-------
Melee: War axe           |    90 |    86 |       ||   176
       Hand axe          |       |   161 |     6 ||   167
 Abil: Spit Poison       |     3 |    13 |       ||    16
  Use: Potion            |       |     1 |     2 ||     3
       Scroll            |       |       |     4 ||     4
  Eat: Chunk             |       |     7 |       ||     7
Armor: Scale mail        |    61 |   143 |     9 ||   213
Dodge: Dodged            |    38 |    57 |     4 ||    99
Block: Shield            |    65 |   148 |    12 ||   225

Table legend:
 A = Non-vault XP
 B = Vault XP
 C = Vault XP percentage of total XP
 D = Non-vault monster count
 E = Vault monster count
 F = Vault count percentage of total count
                 A         B        C        D         E       F
            +---------+---------+-------+---------+---------+-------
      Total |     479 |     203 |  29.8 |     100 |      17 |  14.5
            +---------+---------+-------+---------+---------+-------
        D:1 |      52 |       0 |   0.0 |      27 |       0 |   0.0
        D:2 |     137 |      25 |  15.4 |      35 |      10 |  22.2
        D:3 |     179 |      13 |   6.8 |      31 |       1 |   3.1
        D:4 |     111 |     165 |  59.8 |       7 |       6 |  46.2
            +---------+---------+-------+---------+---------+-------

Vault maps used:
D:1:      dpeg_arrival_yet_another_circle
D:2:      minmay_mini_jars
D:3:      marbit_many_paths, nicolae_overflow_hidden_temple
D:4:      first_ration, gammafunk_ghost_arena, serial_shops, shop,
          nicolae_shop_statue_plus, grunt_ministairs_13,
          kennysheep_pointless_box

Table legend:
 A = Turns spent in this place as a percentage of turns spent in the entire game.
 B = Non-inter-level travel turns spent in this place as a percentage of non-inter-level travel turns spent in the entire game.
 C = Inter-level travel turns spent in this place as a percentage of turns spent in this place.
 D = Turns resting spent in this place as a percentage of non-inter-level travel turns spent in this place.
 E = Turns spent auto-exploring this place as a percentage of non-inter-level travel turns spent in this place.
 F = Non-inter-level travel turns spent in this place divided by the number of levels of this place that you've seen.
                   A       B       C       D       E      F
               +-------+-------+-------+-------+-------+----------------------
         Total | 100.0 | 100.0 |   2.6 |  15.8 |  63.0 | 803.0
       Dungeon | 100.0 | 100.0 |   2.6 |  15.8 |  63.0 | 803.0
               +-------+-------+-------+-------+-------+----------------------

Table legend:
 A = Kills in this place as a percentage of kills in entire the game.
 B = Kills by you in this place as a percentage of kills by you in the entire game.
 C = Kills by friends in this place as a percentage of kills by friends in the entire game.
 D = Other kills in this place as a percentage of other kills in the entire game.
 E = Experience gained in this place as a percentage of experience gained in the entire game.
 F = Experience gained in this place divided by the number of levels of this place that you have seen.
                   A       B       C       D       E      F
               +-------+-------+-------+-------+-------+----------------------
         Total | 100.0 | 100.0 |   N/A |   N/A | 100.0 | 170.5
       Dungeon | 100.0 | 100.0 |   N/A |   N/A | 100.0 | 170.5
               +-------+-------+-------+-------+-------+----------------------
